AoeStats
← [RAT] G0rm

Coastal Forest

503702163Analyzed
3v3 RM · 1mo ago on Sep 1, 2026· 17m 22s· 6 players
Game mode
Random Map
Map size
Normal (6 player)
Population
200
Speed
Normal
Resources
Standard
Victory
Conquest
Starting age
Dark Age
Ending age
Imperial Age
RankedLock teamsTeams togetherTeam positionsShared explorationLock speedFull tech treeHidden civsTurbo modeCheats
Victory
Defeat
🇦🇷 Lithuanians · Argentina
1603
+14
🇦🇷 Britons · Argentina
1549
+17
🇦🇷 Malians · Argentina
1514
+19
🇺🇸 Wei · United States
1640
-20
🇳🇱 Koreans · Netherlands
1567
-17
🇷🇴 Italians · Romania
1504
-14
[Gaucho] Bahco
10:34 Feudal Age
12:11 Loom
14:50 Castle Age
13:06 Double-Bit Axe
13:42 Forging
15:56 Scale Barding Armor
[Gaucho]El_Guille
6:22 Loom
8:53 Feudal Age
9:46 Double-Bit Axe
12:04 Fletching
[Gaucho]Batata
5:19 Loom
8:05 Feudal Age
10:26 Horse Collar
13:52 Double-Bit Axe
[RAT] Spencer
5:50 Loom
8:25 Feudal Age
9:14 Double-Bit Axe
[RAT] Havik_AoE
10:47 Feudal Age
14:26 Castle Age
12:45 Double-Bit Axe
14:10 Horse Collar
14:20 Gold Mining
14:57 Loom
[RAT] G0rm
6:30 Loom
8:58 Feudal Age
15:08 Fletching
Connection lost

Rejoining the realm…

Still unreachable

The connection could not be restored.

Session expired

The server has moved on; the page needs a fresh start.